Unix NetHack Version 5.0.0-0 post-release - last build Jun 10 2026 00:39:30 (3ee93aec679c4c4259841fe613dc97188e26a321,branch:main).

Game began 2026-06-25 13:11:25, ended 2026-06-25 13:54:47.

Ch3Begorrah, chaotic male human Rogue

                                                        --------------
                                                        |............|
                                 -------------          |........+...|
                                 |C.........C|##########.............|
                                 |.....C.....|#        #|............|
                                 |...---.-...|#    #####|.....<......|
                                 |...|.{.|...|######    --------------
                                 |..C|{.{|C...##
                                 |...|.{.|...|#
                                 |...-----...|#
                                 |....   ....|#
                                 |C... .....C|#
                   |        o    -------------#
                   |.....   a@f################
                   |

Ch3Begorrah the Cutpurse  St:17 Dx:18 Co:14 In:11 Wi:9 Ch:9  Chaotic
Dlvl:7  $:725 HP:0(33) Pw:9(9) AC:4  Xp:4 T:2436 

Latest messages:
 The kitten bites the ghoul.
 In what direction? k
 You throw 2 daggers.
 The 1st dagger hits the ghoul.
 You destroy the ghoul!
 You swap places with your kitten.
 g - a +0 dagger (at the ready) (14 in total).
 g - a +0 dagger (at the ready) (15 in total).
 You swap places with your kitten.
 You see here a statue of a plains centaur.
 You swap places with your kitten.
 You see here a statue of a plains centaur.
 "Hello, Ch3Begorrah, welcome to Delphi!"
 You swap places with your kitten.
 You swap places with your kitten.
 You swap places with your kitten.
 You are carrying too much to get through.
 You find a hidden passage.
 You hear snoring snakes.
 You find a hidden passage.
 You kill the garter snake!
 You kill the garter snake!
 You see here a garter snake corpse.
 In what direction? y
 You throw 2 daggers.
 The 1st dagger hits the hill orc.
 The 2nd dagger hits the hill orc.
 The garter snake bites!
 The hill orc hurls a magenta potion!
 The flask crashes on your head and breaks into shards.
 The magenta potion evaporates.
 You feel rather tired.
 You can move again.
 In what direction? y
 You throw 2 daggers.
 The 1st dagger hits the hill orc.
 The 2nd dagger hits the hill orc!
 The hill orc reads a scroll labeled VAS CORP BET MANI!
 Call a scroll labeled VAS CORP BET MANI: CM?
 You hit the garter snake.
 The hill orc swings his curved sword.
 The hill orc hits!
 You hit the garter snake.
 The hill orc swings his curved sword.
 The hill orc hits!
 You kill the garter snake!
 The hill orc swings his curved sword.
 The hill orc hits!
 You die...
 Do you want your possessions identified? [ynq] (y) q

Inventory:
 Coins    ('$')
  $ - 725 gold pieces
 Amulets  ('"')
  m - a cursed amulet of change
 Weapons  (')')
  t - 7 +0 shuriken
  b - a +0 dagger (weapon in right hand)
  g - 11 +0 daggers (at the ready)
 Armor    ('[')
  q - an uncursed +0 orcish helm (being worn)
  V - an uncursed +0 pair of iron shoes (being worn)
  G - an uncursed +0 pair of levitation boots
  S - an uncursed +0 dwarvish cloak (being worn)
  c - an uncursed +1 leather armor (being worn)
 Comestibles  ('%')
  k - 3 uncursed food rations
  I - an uncursed lembas wafer
  N - an uncursed tripe ration
 Scrolls  ('?')
  v - an uncursed scroll of earth named ok
  T - a blessed scroll of enchant weapon
  i - a cursed scroll of fire
  h - an uncursed scroll of gold detection named ok
  U - an uncursed scroll of identify
  O - an uncursed scroll of remove curse
  w - an uncursed scroll of scare monster
  J - a cursed scroll of scare monster
  M - an uncursed scroll of teleportation
 Potions  ('!')
  L - a blessed potion of confusion
  l - a blessed potion of healing
  x - 2 uncursed potions of healing
  P - a blessed potion of paralysis
  d - an uncursed potion of sickness
  C - a potion of holy water
 Rings    ('=')
  p - an uncursed ring of conflict named ok
 Wands    ('/')
  K - a wand of digging (0:4)
 Tools    ('(')
  f - an empty uncursed sack
  e - an uncursed lock pick
  W - an uncursed magic whistle
  B - an uncursed mirror
  u - an uncursed pair of lenses
 Gems/Stones  ('*')
  Q - an uncursed jade stone
  R - an uncursed worthless piece of orange glass
  D - 2 uncursed worthless pieces of yellowish brown glass

Ch3Begorrah the Rogue's attributes:

Background:
 You were a Cutpurse, a level 4 male human Rogue.
 You were chaotic, nominally on a mission for Kos
 who was opposed by Issek (lawful) and Mog (neutral).
 You were right-handed.
 You were in the Dungeons of Doom, on level 7.
 You entered the dungeon 2436 turns ago.
 You had 148 experience points, 12 more were needed to attain level 5.

Basics:
 You had 0 out of 33 hit points.
 You had all 9 energy points (spell power).
 Your armor class was 4.
 Your wallet contained 725 zorkmids.
 Autopickup was on for '$!/(' plus thrown, with exceptions.

Final Characteristics:
 Your strength was 17 (limit:18/100).
 Your dexterity was 18 (limit:18).
 Your constitution was 14 (limit:18).
 Your intelligence was 11 (limit:18).
 Your wisdom was 9 (limit:18).
 Your charisma was 9 (limit:18).

Final Status:
 You weren't hungry.
 You were unencumbered.
 You were wielding a dagger.
 You had basic skill with dagger.

Final Attributes:
 You were piously aligned.
 Your items were somewhat protected from fire.
 Your items were somewhat protected from cold.
 You were stealthy.
 You were warded.
 You are dead.

Miscellaneous:
 You didn't encounter any bones levels.
 Total elapsed playing time was 16 minutes and 17 seconds.

Major events:
 Turn
    1: Ch3Begorrah the chaotic male human Rogue entered the dungeon
 1214: entered the Gnomish Mines
 1469: attained the rank of Cutpurse (level 3)
 2436: killed by a hill orc

You didn't know any spells.

Skills:
 Fighting Skills
   bare handed combat [Unskilled]
   two weapon combat  [Unskilled]
   riding             [Unskilled]
 Weapon Skills
   dagger             [Basic]
   knife              [Unskilled]
   short sword        [Basic]
   broadsword         [Unskilled]
   long sword         [Unskilled]
   two-handed sword   [Unskilled]
   saber              [Unskilled]
   club               [Unskilled]
   mace               [Unskilled]
   morning star       [Unskilled]
   flail              [Unskilled]
   hammer             [Unskilled]
   polearms           [Unskilled]
   spear              [Unskilled]
   crossbow           [Unskilled]
   dart               [Unskilled]
   shuriken           [Unskilled]
 Spellcasting Skills
   divination spells  [Unskilled]
   escape spells      [Unskilled]
   matter spells      [Unskilled]

Voluntary challenges:
 Character rerolling was not enabled.
 You followed a strict vegan diet.
 You were an atheist.
 You never genocided any monsters.
 You never polymorphed an object.
 You never changed form.
 You used no wishes.
Achievements:
 You entered a shop.
 You entered the Gnomish Mines.
 You attained the rank of Cutpurse.

 The Dungeons of Doom: levels 1 to 7
    Level 1:
       A fountain.
    Level 2:
    Level 3:
       A bookstore, a grave.
    Level 4:
       Stairs down to The Gnomish Mines.
    Level 5:
       An altar, a throne, a fountain.
    Level 6:
    Level 7: <- You were here.
       Many fountains.
       Oracle of Delphi.
       Final resting place for
          you, killed by a hill orc.
 The Gnomish Mines:
    Level 5:


Vanquished creatures:
  a shrieker
  a gnomish wizard
  a ghoul
  a little dog
  a floating eye
  a dwarf
  a kobold shaman
  a hill orc
  a hobgoblin
  5 giant rats
  2 green molds
  a red mold
  a gnome
  3 garter snakes
  2 gnome zombies
  a gecko
  4 jackals
  3 goblins
  3 sewer rats
  5 grid bugs
  2 lichens
  a kobold zombie
  4 newts
46 creatures vanquished.

No species were genocided or became extinct.

Game over:
                       ----------
                      /          \
                     /    REST    \
                    /      IN      \
                   /     PEACE      \
                  /                  \
                  |   Ch3Begorrah    |
                  |      725 Au      |
                  | killed by a hill |
                  |       orc        |
                  |                  |
                  |                  |
                  |       2026       |
                 *|     *  *  *      | *
        _________)/\\_//(\/(/\)/\//\/|_)_______

Goodbye Ch3Begorrah the Rogue...

You died in The Dungeons of Doom on dungeon level 7 with 1575 points,
and 725 pieces of gold, after 2436 moves.
You were level 4 with a maximum of 33 hit points when you died.

